 Dungeon Crawl Stone Soup version 0.19.1 (webtiles) character file.

86 Firecrotchwizard the Skirmisher (level 4, -3/30 HPs)
             Began as a Gargoyle Fighter on Dec 19, 2016.
             Slain by Crazy Yiuf
             ... wielding a +3 quarterstaff of chaos
              (5 damage)
             ... on level 2 of the Dungeon.
             The game lasted 00:03:15 (1516 turns).

Firecrotchwizard the Skirmisher (Gargoyle Fighter)  Turns: 1516, Time: 00:03:15

Health: -3/30      AC: 11    Str: 24    XL:     4   Next: 50%
Magic:  4/4        EV:  7    Int:  9    God:
Gold:   78         SH:  9    Dex: 10    Spells: 0 memorised, 3 levels left

rFire  . . .     SeeInvis .     e - +0 mace
rCold  . . .     Gourm    .     b - +0 scale mail
rNeg   + . .     Faith    .     c - +0 shield
rPois  ∞         Spirit   .     (no helmet)
rElec  +         Reflect  .     i - +0 cloak
rCorr  .         Harm     .     (no gloves)
MR     .....                    (no boots)
Stlth  ..........               (no amulet)
                                (no ring)
                                (no ring)

@: mighty, very slightly contaminated, hasted, very quick
A: negative energy resistance 1, electricity resistance, unbreathing,
petrification resistance, rot immunity, AC +3
a: no special abilities


You were on level 2 of the Dungeon.
You were hungry.

You visited 1 branch of the dungeon, and saw 2 of its levels.

You collected 78 gold pieces.

Inventory:

Hand Weapons
 a - a +0 flail
 e - a +0 mace (weapon)
Missiles
 s - 20 stones (quivered)
Armour
 b - a +0 scale mail (worn)
 c - a +0 shield (worn)
 i - a +0 cloak (worn)
Wands
 q - a wand of disintegration (15/24)
Scrolls
 g - a scroll of magic mapping {unknown}
 h - 4 scrolls of identify {unknown}
 k - 2 scrolls of teleportation {unknown}
 m - a scroll of fog {unknown}
 n - a scroll of noise {unknown}
 p - a scroll of amnesia {unknown}
Potions
 j - 2 potions of haste {unknown}
 l - 4 potions of curing {unknown}
 r - a potion of agility {unknown}
 t - 2 potions of degeneration {unknown}
Comestibles
 f - 3 bread rations
 o - a meat ration


   Skills:
 * Level 4.3 Fighting
 * Level 3.2 Maces & Flails
 + Level 3.4 Armour
 + Level 3.8 Shields


You had 3 spell levels left.
You didn't know any spells.

Dungeon Overview and Level Annotations

Branches:
Dungeon (2/15)

Altars:

Annotations:
D:2 Crazy Yiuf


Innate Abilities, Weirdness & Mutations

You are resistant to torment.
Your stone body is resilient. (AC +3)
You are immune to poison.
You resist negative energy. (rN+)
You are resistant to electric shocks. (rElec)
You can survive without breathing.
You are immune to petrification.
You are immune to rotting.


Message History

Crazy Yiuf is severely wounded.
Crazy Yiuf barely misses you.
You hit Crazy Yiuf but do no damage.
Crazy Yiuf is severely wounded.
You block Crazy Yiuf's attack.
Crazy Yiuf screams, "Lugonu!
Tonal aubergine childish."
Crazy Yiuf hits you with a quarterstaff of chaos!
* * * LOW HITPOINT WARNING * * *
You feel yourself speed up.
You feel very mighty all of a sudden.
You closely miss Crazy Yiuf.
Crazy Yiuf is severely wounded.
Crazy Yiuf hits you with a quarterstaff of chaos.
* * * LOW HITPOINT WARNING * * *
Crazy Yiuf burns you.
* * * LOW HITPOINT WARNING * * *
Your shield and scale mail prevent you from hitting Crazy Yiuf.
Crazy Yiuf is severely wounded.
Crazy Yiuf hits you with a quarterstaff of chaos.
You die...

#### ###### .....##
###...##### # #.#>....#
######## #...##### ####
###.#..#.## # ##.######
#...##..#......##
####......#
#..g@.####......#
....>.##.## #)..###
##.#...# .##.####.## ####
####..# .##.......#
#.###### .........##
#....... .##.####.# ###
######## .##.####.## #.#
..........#########.####.#
.##.##.#...........<.....#


You could see Crazy Yiuf.

Vanquished Creatures
  2 adders (D:2)
  A worm (D:2)
  3 dart slugs
  2 leopard geckos (D:1)
  A ball python (D:2)
  7 bats
  3 giant cockroaches (D:1)
  8 goblins
  6 hobgoblins
  4 jackals (D:1)
  5 kobolds
  7 frilled lizards (D:1)
  3 rats
52 creatures vanquished.

Notes
Turn   | Place    | Note
-------+----------+-------------------------------------------
     0 | D:1      | Firecrotchwizard the Gargoyle Fighter began the quest for the Orb.
     0 | D:1      | Reached XP level 1. HP: 14/14 MP: 1/1
   177 | D:1      | Reached XP level 2. HP: 14/19 MP: 2/2
   384 | D:1      | Reached XP level 3. HP: 19/24 MP: 3/3
   686 | D:1      | Reached skill level 4 in Fighting
  1015 | D:2      | Reached XP level 4. HP: 26/29 MP: 4/4
  1480 | D:2      | Found a runed door.
  1484 | D:2      | Noticed Crazy Yiuf
  1515 | D:2      | HP: 1/30 [Crazy Yiuf/quarterstaff of chaos (1)]
  1516 | D:2      | Slain by Crazy Yiuf

Skill      XL: |  1  2  3 |
---------------+----------+-----
Fighting       | 4 |  4.3
Maces & Flails | 3 |  3.2
Armour         | |  3.4
Shields        | |  3.8

Action                   |  1- 3 |  4- 6 || total
-------------------------+-------+-------++-------
Melee: Mace              |   168 |    82 ||   250
  Use: Potion            |       |     1 ||     1
  Eat: Chunk             |       |     2 ||     2
Armor: Scale mail        |    98 |    26 ||   124
Dodge: Dodged            |    51 |    25 ||    76
Block: Shield            |    95 |    48 ||   143
